Unix NetHack Version 5.0.0-0 post-release - last build May  4 2026 22:22:43 (774f63e81ad911689b3a0859ea89b322d5daca8d,branch:main).

Game began 2026-05-05 17:03:55, ended 2026-05-05 18:59:27.

BilldaCat, neutral male human Wizard

                            -------     -------
                            |.....|--   |..|.>|
                            |.....+.|   |[[%..|
                          --|.....|-|   |.--.---
                          |.+.....+.|  --.|...0----
                          |.|.....|-| --..|.....0.|
                          |.|.....+.| |...|---....|
                          |.|.....|-- |0..|0.|.[..|
                          |.|------   |...|.).....|
                          |.|        --u...(.|..(.--
                          |.|        |.@0.|..|.....|
                          |.|        |...0|--|...*.|
                          |.|        |`.0--  --)|..|
                          |.|        -----    |[----
                          |.-------------------..|
                          |.^^^^^$........`...^..|
                          ------------------------

BilldaCat the Thaumaturge  St:25 Dx:15 Co:13 In:18 Wi:12 Ch:8  Neutral
Dlvl:5  $:199 HP:0(59) Pw:27(66) AC:7  Xp:8 T:3855 

Latest messages:
 Call an effervescent potion: 
 You hear a door open.
 Pick a monster, object or location.
 In what direction? 2
 The spell hits the sasquatch!
 In what direction? 2
 The spell hits the sasquatch!
 In what direction? 2
 The spell misses the sasquatch.
 The sasquatch hits!
 The sasquatch hits again!
 The sasquatch kicks!
 You descend the stairs.
 Your candle is getting short.
 You climb up the stairs.
 What do you want to use or apply? [bckn-pruvx-zCHJ-LNR-T or ?*] ?
 Never mind.
 In what direction? 4
 The spell hits the sasquatch!
 You kill the sasquatch!
 Welcome to experience level 8.
 You see here a sasquatch corpse.
 There is a sasquatch corpse here; eat it? [ynq] (n) y
 This sasquatch corpse is tough.
 You stop eating the sasquatch corpse.
 With great effort you move the boulder.
 The white unicorn butts!
 The white unicorn kicks!
 With great effort you move the boulder.
 The white unicorn butts!
 The white unicorn kicks!
 A mysterious force prevents the white unicorn from teleporting!
 You see here a runed dagger.
 You hear a jackal howling at the moon.
 The boulder suddenly rolls away from you!
 You hear a boulder fall.
 You see here a runed dagger.
 With great effort you move the boulder.
 With great effort you move the boulder.
 The white unicorn butts!
 The white unicorn kicks!
 The white unicorn butts!
 The white unicorn kicks!
 With great effort you move the boulder.
 A mysterious force prevents the white unicorn from teleporting!
 The white unicorn butts!
 The white unicorn kicks!
 The white unicorn butts!
 You die...
 Do you want your possessions identified? [ynq] (y) q

Inventory:
 Coins    ('$')
  $ - 199 gold pieces
 Amulets  ('"')
  g - an uncursed amulet of ESP
 Weapons  (')')
  a - a blessed +1 quarterstaff (weapon in hands)
 Armor    ('[')
  m - an uncursed +0 pair of gauntlets of power (being worn)
  Z - an uncursed +0 pair of leather gloves
  i - a blessed burnt +1 pair of speed boots (being worn)
  U - an uncursed +0 cloak of magic resistance (being worn)
 Comestibles  ('%')
  D - 2 uncursed bananas
  s - an uncursed food ration
  q - an uncursed tripe ration
 Scrolls  ('?')
  V - a blessed scroll of destroy armor
  F - 2 uncursed scrolls of earth named earth
  t - an uncursed scroll of enchant weapon
 Spellbooks  ('+')
  y - an uncursed spellbook of cause fear
 Potions  ('!')
  w - an uncursed potion of gain energy
  h - an uncursed potion of sleeping
 Rings    ('=')
  A - an uncursed ring of free action (on left hand)
  I - an uncursed +2 ring of increase damage
  f - a cursed -1 ring of increase damage
  G - an uncursed ring of invisibility
  e - an uncursed ring of polymorph
  d - an uncursed ring of searching (on right hand)
  M - an uncursed ring of teleport control
 Wands    ('/')
  c - a wand of enlightenment (0:13)
  z - a wand of fire (0:0)
  r - a wand of magic missile named mm (0:7)
  J - a wand of nothing (0:13)
  L - a wand of speed monster named speed (0:7)
  N - a wand of undead turning (0:4)
  C - a wand of undead turning (0:3)
 Tools    ('(')
  b - an uncursed bag of holding containing 12 items
  H - an empty uncursed sack
  u - an uncursed tooled horn
  o - an uncursed blindfold
  v - a magic marker (0:43)
  n - a magic marker (0:19)
  S - an uncursed mirror
  x - an uncursed oil lamp (lit)
  T - an uncursed pair of lenses
  k - an uncursed skeleton key
  p - an uncursed skeleton key
  K - a cursed partly used tallow candle (lit)
  R - an uncursed tin whistle
 Gems/Stones  ('*')
  E - an uncursed worthless piece of yellowish brown glass

Contents of the bag of holding:
  an uncursed scroll of enchant weapon
  an uncursed scroll of light
  an uncursed scroll of remove curse
  an uncursed scroll of stinking cloud
  an uncursed spellbook of detect monsters
  a blessed spellbook of drain life
  an uncursed spellbook of haste self
  an uncursed spellbook of healing
  an uncursed potion of monster detection
  an uncursed potion of invisibility
  an uncursed potion of paralysis
  an uncursed potion of water

BilldaCat the Wizard's attributes:

Background:
 You were a Thaumaturge, a level 8 male human Wizard.
 You were neutral, on a mission for Thoth
 who was opposed by Ptah (lawful) and Anhur (chaotic).
 You were right-handed.
 You were in Sokoban, on level 5.
 You entered the dungeon 3855 turns ago.
 You had 1293 experience points, 1267 more were needed to attain level 9.

Basics:
 You had 0 out of 59 hit points.
 You had 27 out of 66 energy points (spell power).
 Your armor class was 7.
 Your wallet contained 199 zorkmids.
 Autopickup was on for '$"?!/=' plus thrown, with exceptions.

Final Characteristics:
 Your strength was 25 (base:7, peak:10, innate limit:18/100).
 Your dexterity was 15 (limit:18).
 Your constitution was 13 (limit:18).
 Your intelligence was 18 (limit:18).
 Your wisdom was 12 (limit:18).
 Your charisma was 8 (limit:18).

Final Status:
 You weren't hungry.
 You were unencumbered.
 You were wielding a quarterstaff.
 You had basic skill with quarterstaff and could have enhanced that.

Final Attributes:
 You were piously aligned.
 You were magic-protected.
 You were cold resistant.
 You were poison resistant.
 You were telepathic.
 You had automatic searching.
 You were warded.
 You were very fast.
 You had free action.
 You were unlucky.
 You are dead.

Miscellaneous:
 You didn't encounter any bones levels.
 Total elapsed playing time was 36 minutes and 48 seconds.

Major events:
 Turn
    1: BilldaCat the neutral male human Wizard entered the dungeon
  846: attained the rank of Conjurer (level 3)
  881: entered the Gnomish Mines
  954: reached Mine Town
 1960: attained the rank of Thaumaturge (level 6)
 2741: entered Sokoban
 2948: completed 1st Sokoban level
 3179: completed 2nd Sokoban level
 3371: completed 3rd Sokoban level
 3855: killed by a white unicorn

Spells:
 Name                 Level Category     Fail Retention
 force bolt             1   attack         0%   81%-90%
 drain life             2   attack         0%   81%-90%
 detect monsters        1   divination     0%  76%-100%
 haste self             3   escape        84%  76%-100%
 levitation             4   escape       100%  76%-100%
 create monster         2   clerical      55%  76%-100%

Skills:
 Fighting Skills
   bare handed combat [Unskilled]
   riding             [Unskilled]
 Weapon Skills
   dagger             [Unskilled]
   knife              [Unskilled]
   axe                [Unskilled]
   short sword        [Unskilled]
   club               [Unskilled]
   mace               [Unskilled]
   quarterstaff       [Basic]
   polearms           [Unskilled]
   spear              [Unskilled]
   trident            [Unskilled]
   sling              [Unskilled]
   dart               [Unskilled]
   shuriken           [Unskilled]
 Spellcasting Skills
   attack spells      [Basic]
   healing spells     [Unskilled]
   divination spells  [Unskilled]
   enchantment spells [Basic]
   clerical spells    [Unskilled]
   escape spells      [Unskilled]
   matter spells      [Unskilled]

Voluntary challenges:
 Character rerolling was not enabled.
 You never genocided any monsters.
 You never polymorphed an object.
 You never changed form.
 You used no wishes.
 You violated the special Sokoban rules twice.
Achievements:
 You entered a shop.
 You attained the rank of Conjurer.
 You entered the Gnomish Mines.
 You entered Minetown.
 You entered a temple.
 You attained the rank of Thaumaturge.
 You entered Sokoban.

 The Dungeons of Doom: levels 1 to 9
    Level 1:
    Level 2:
       An armor shop, a fountain.
    Level 3:
       A general store.
       Stairs down to The Gnomish Mines.
    Level 4:
       A fountain.
    Level 5:
       A fountain, a sink.
    Level 6:
    Level 7:
       A general store, a sink.
    Level 8:
    Level 9:
       Stairs up to Sokoban, level 8.
 The Gnomish Mines: levels 4 to 6
    Level 4:
    Level 5:
    Level 6:
       Many shops, a temple and an altar, some fountains, some trees.
 Sokoban: levels 8 up to 5
    Level 5: <- You were here.
       Unsolved.
       Final resting place for
          you, killed by a white unicorn.
    Level 6:
       Solved.
    Level 7:
       Solved.
    Level 8:
       Solved.


Vanquished creatures:
  a giant mimic
  a winter wolf
  a sasquatch
  a flaming sphere
  a leocrotta
  2 giant beetles
  2 wolves
  4 leprechauns
 an orc-captain
  a dingo
  2 human zombies
  a rope golem
  6 Woodland-elves
  6 gnome leaders
  a kobold mummy
  a ghoul
  a straw golem
  a giant ant
  a floating eye
  6 dwarves
  a kobold leader
  2 hill orcs
  a monkey
 an acid blob
  a hobbit
  a manes
  a large kobold
  5 giant rats
  2 cave spiders
  a yellow mold
  a red mold
 17 gnomes
  3 geckos
  5 jackals
  3 goblins
  a grid bug
  2 bats
  3 lichens
  a kobold zombie
  4 newts
97 creatures vanquished.

No species were genocided or became extinct.

Game over:
                       ----------
                      /          \
                     /    REST    \
                    /      IN      \
                   /     PEACE      \
                  /                  \
                  |    BilldaCat     |
                  |      199 Au      |
                  |   killed by a    |
                  |  white unicorn   |
                  |                  |
                  |                  |
                  |       2026       |
                 *|     *  *  *      | *
        _________)/\\_//(\/(/\)/\//\/|_)_______

Goodbye BilldaCat the Wizard...

You died in Sokoban on dungeon level 5 with 5782 points,
and 199 pieces of gold, after 3855 moves.
You were level 8 with a maximum of 59 hit points when you died.

